 Dungeon Crawl Stone Soup version 0.29-a0-344-ge2f44be95a (webtiles) character file.

Game seed: 9847083683957755288

41 spaghetti the Magician (level 3, -1/25 HPs)
             Began as a Djinni Summoner on Apr 21, 2022.
             Was a Follower of Wu Jian.
             Slain by a gnoll
             ... wielding a +3 halberd
              (10 damage)
             ... on level 2 of the Dungeon.
             The game lasted 00:03:43 (2295 turns).

spaghetti the Magician (Djinni Summoner)            Turns: 2295, Time: 00:03:44

Health: -1/25      AC:  2    Str:  7    XL:     3   Next: 75%
Gold:   25         EV: 12    Int: 18    God:    Wu Jian [*.....] SH:  0 Dex: 13

rFire   + + .      SeeInvis .   b - +0 dagger {short}
rCold   x . .      Faith    .   (no shield)
rNeg    . . .      Spirit   .   a - +0 robe
rPois   ∞          Reflect  .   (no helmet)
rElec   .          Harm     .   (no cloak)
rCorr   .          Rampage  .   (no gloves)
Will    .....                   (boots unavailable)
Stlth   ++........              (no amulet)
HPRegen 0.08/turn               (no ring)
MPRegen 0.00/turn               (no ring)

@: flying
A: sickness immunity, fire resistance 2, cold vulnerability 1, float, innate
caster, HP casting, extra vitality 1
a: Renounce Religion


You were on level 2 of the Dungeon.
You worshipped Wu Jian.
Wu Jian was aware of your devotion.
You visited 1 branch of the dungeon, and saw 2 of its levels.

You collected 25 gold pieces.


Innate Abilities, Weirdness & Mutations

You are immune to sickness and miasma.
You are immune to poison.
Your flesh is very heat resistant. (rF++)
You are vulnerable to cold. (rC-)
You float through the air rather than walking.
You learn spells naturally, not from books.
Your magical power is your life essence.
You have superior vitality. (+4 MHP)


   Skills:
 - Level 2.1 Dodging
 - Level 1.5 Stealth
 + Level 4.1 Spellcasting


You couldn't memorise any spells.
You knew the following spells:

 Your Spells              Type           Power      Damage    Failure   Level
a - Summon Small Mammal   Summ           72%        N/A       2%          1
b - Call Imp              Summ           18%        N/A       4%          2
c - Call Canine Familiar  Summ           18%        N/A       8%          3
d - Summon Guardian Gole  Hex/Summ       18%        N/A       8%          3
e - Summon Lightning Spi  Summ/Air       18%        N/A       26%         4
f - Shock                 Conj/Air       72%        1d7       2%          1
Your spell library was empty.

Inventory:

Hand Weapons
 b - a +0 dagger (weapon) {short}
   (You took it off a goblin on level 1 of the Dungeon)
 h - a +1 dagger of venom {short}
   (You took it off a goblin on level 1 of the Dungeon)
Missiles
 e - 31 stones {throwing}
Armour
 a - a +0 robe (worn)
Scrolls
 c - a scroll of amnesia {unknown}
 d - a scroll of fear {unknown}
 f - a scroll of enchant weapon {unknown}
 i - a scroll of noise {unknown}
Potions
 g - a potion of degeneration {unknown}

Dungeon Overview and Level Annotations

Branches:
Dungeon (2/15)

Altars:
Wu Jian

..#. . ...
.. ...
...## #..
...##.###
#......####
#........##
#..@†).....
##.)b......
#..gg.....
###.......
.......
.r.....
.....:....
#.........
#......r..


You could see 2 gnolls, a rat and a friendly bat (summoned).


Message History

Aiming: Shock (safe; 2% risk of failure)
Press: ? - help, Q - select action, (/) - cycle Shift-Dir - straight line, f/p - goblin
Aim: a goblin, wielding a +0 club (severely wounded, 64% to hit)
The zap hits the goblin.
You kill the goblin!
The Council accepts your kill.
The zap hits the gnoll.
Aiming: Shock (safe; 2% risk of failure)
Press: ? - help, Q - select action, (/) - cycle Shift-Dir - straight line, f - gnoll
Aim: a gnoll, wielding a +3 halberd (moderately wounded, 75% to hit)
The zap misses the gnoll. 😕 HP[-1]
You take 1 damage, and now have 19/25 hp.
Aiming: Shock (safe; 2% risk of failure)
Press: ? - help, Q - select action, (/) - cycle Shift-Dir - straight line, f/p - gnoll
Aim: a gnoll, wielding a +3 halberd (moderately wounded, 75% to hit)
The zap misses the gnoll. 😮 HP[-1]
You take 1 damage, and now have 18/25 hp.
Aiming: Shock (safe; 2% risk of failure)
Press: ? - help, Q - select action, (/) - cycle Shift-Dir - straight line, f/p - gnoll
Aim: a gnoll, wielding a +3 halberd (moderately wounded, 75% to hit)
The zap misses the gnoll. 😮 HP[-1]
You take 1 damage, and now have 17/25 hp.
Aiming: Shock (safe; 2% risk of failure)
Press: ? - help, Q - select action, (/) - cycle Shift-Dir - straight line, f/p - gnoll
Aim: a gnoll, wielding a +3 halberd (moderately wounded, 75% to hit)
The zap hits the gnoll.
The quokka bites you but does no damage. 😮 HP[-1]
You take 1 damage, and now have 16/25 hp.
The gnoll misses you. The quokka closely misses you.
You fly upwards.
There is a stone staircase leading down here.
Aiming: Shock (safe; 2% risk of failure)
Press: ? - help, Q - select action, (/) - cycle Shift-Dir - straight line, f - quokka
Aim: a quokka (60% to hit)
The zap misses the quokka.
The quokka bites you but does no damage.
Your magical contamination has completely faded away. 😮 HP[-1]
You take 1 damage, and now have 15/25 hp.
Aiming: Shock (safe; 2% risk of failure)
Press: ? - help, Q - select action, (/) - cycle Shift-Dir - straight line, f/p - quokka
Aim: a quokka (60% to hit)
The zap hits the quokka.
You kill the quokka!
The Council accepts your kill. 😮 HP[-1]
You take 1 damage, and now have 14/25 hp.
You start resting. 😎 HP[+11]
Your hp is fully restored (25).
You fly downwards.
There is a stone staircase leading up here.
Casting: Shock (safe; 2% risk of failure)
Confirm with . or Enter, or press ? or * to list all spells.
😕 HP[-1]
You take 1 damage, and now have 24/25 hp.
Unknown command.
Aiming: Shock (safe; 2% risk of failure)
Press: ? - help, Q - select action, (/) - cycle Shift-Dir - straight line, f - gnoll
Aim: a gnoll, wielding a +0 flail (ally target, 75% to hit)
The zap hits the gnoll but does no damage. 😕 HP[-1]
You take 1 damage, and now have 23/25 hp.
Aiming: Shock (safe; 2% risk of failure)
Press: ? - help, Q - select action, (/) - cycle Shift-Dir - straight line, f/p - gnoll
Aim: a gnoll, wielding a +0 flail (ally target, 75% to hit)
That beam is likely to hit you.
Continue anyway?
Okay, then.
Aiming: Shock (safe; 2% risk of failure)
Press: ? - help, Q - select action, (/) - cycle Shift-Dir - straight line, f/p - gnoll
Aim: a gnoll, wielding a +0 flail (ally target, 75% to hit)
That beam is likely to hit you.
Continue anyway?
The zap hits the gnoll. x2; The zap hits you.
Your bat hits the gnoll.
The gnoll closely misses your bat. 😕 HP[-3]
You take 3 damage, and now have 20/25 hp.
Aiming: Shock (safe; 2% risk of failure)
Press: ? - help, Q - select action, (/) - cycle Shift-Dir - straight line, f/p - gnoll
Aim: a gnoll, wielding a +0 flail (heavily wounded, not watching you, ally target, 75% to hit)
That beam is likely to hit you.
Continue anyway?
The zap hits the gnoll. x2; The zap misses you.
Your bat barely misses the gnoll. 😕 HP[-1]
You take 1 damage, and now have 19/25 hp.
Aiming: Shock (safe; 2% risk of failure)
Press: ? - help, Q - select action, (/) - cycle Shift-Dir - straight line, f/p - gnoll
Aim: a gnoll, wielding a +0 flail (almost dead, ally target, 75% to hit)
That beam is likely to hit you.
Continue anyway?
The zap hits the gnoll. x2
You kill the gnoll!
The Council accepts your kill. The zap hits you.
The gnoll hits you from afar with a +0 halberd!
* * * LOW HITPOINT WARNING * * *
The gnoll hits you from afar with a +3 halberd!
You die...

Skill      XL: |  1  2  3 |
---------------+----------+-----
Spellcasting   | 4 |  4.1
Dodging        | |  2.1
Stealth        | |  1.5

Action                   || total
-------------------------++-------
Melee: Dagger            ||    77
       Unarmed           ||     1
 Cast: Summon Small Mamm ||    26
       Shock             ||    35
 Stab: Sleeping          ||     3
Armor: Robe              ||    17
Dodge: Dodged            ||    69

Levels and vault maps discovered:
D:1:      wander_arrival_fairy_ring, layout_basic,
          dreamdust_ecumenical_altar_statues, minmay_worlds_worst_comb
D:2:      layout_rooms, hangedman_decor_peaks_small, nrook_mini_vaults

Notes
Turn   | Place    | Note
-------+----------+-------------------------------------------
     0 | D:1      | spaghetti the Djinni Summoner began the quest for the Orb.
     0 | D:1      | Reached XP level 1. HP: 15/15 MP: 0/0
     0 | D:1      | magus.rc [v1.9.6]
   538 | D:1      | Reached XP level 2. HP: 19/21 MP: 0/0
  1320 | D:1      | Reached XP level 3. HP: 20/25 MP: 0/0
  1320 | D:1      | Learned a level 1 spell: Shock
  1432 | D:1      | Found a faded altar of an unknown god.
  1454 | D:1      | Prayed at the altar of an unknown god.
  1454 | D:1      | Became a worshipper of the Wu Jian Council
  1454 | D:1      | Reached * piety under Wu Jian
  1525 | D:1      | Reached skill level 4 in Spellcasting
  2295 | D:2      | Slain by a gnoll

Vanquished Creatures
  A gnoll (D:2)
  A bat (D:1)
  3 endoplasms (D:1)
  6 giant cockroaches
  2 hobgoblins
  A quokka (D:1)
  4 ball pythons (D:1)
  3 frilled lizards (D:1)
  2 goblins
  4 kobolds
  2 rats (D:1)
29 creatures vanquished.

Vanquished Creatures (collateral kills)
  2 ball pythons (D:1)
  2 giant cockroaches (D:1)
  A goblin (D:1)
  A hobgoblin (D:1)
  A quokka (D:1)
  2 kobolds (D:1)
9 creatures vanquished.

Grand Total: 38 creatures vanquished

Table legend:
 A = Non-vault XP
 B = Vault XP
 C = Vault XP percentage of total XP
 D = Non-vault monster count
 E = Vault monster count
 F = Vault count percentage of total count
                 A         B        C        D         E       F
            +---------+---------+-------+---------+---------+-------
      Total |      64 |      10 |  13.5 |      33 |       5 |  13.2
            +---------+---------+-------+---------+---------+-------
        D:1 |      42 |      10 |  19.2 |      28 |       5 |  15.2
        D:2 |      22 |       0 |   0.0 |       5 |       0 |   0.0
            +---------+---------+-------+---------+---------+-------

Illustrated notes

Table legend:
 A = Kills in this place as a percentage of kills in entire the game.
 B = Kills by you in this place as a percentage of kills by you in the entire game.
 C = Kills by friends in this place as a percentage of kills by friends in the entire game.
 D = Other kills in this place as a percentage of other kills in the entire game.
 E = Experience gained in this place as a percentage of experience gained in the entire game.
 F = Experience gained in this place divided by the number of levels of this place that you have seen.
                   A       B       C       D       E      F
               +-------+-------+-------+-------+-------+----------------------
         Total | 100.0 | 100.0 | 100.0 |   N/A | 100.0 |  37.0
       Dungeon | 100.0 | 100.0 | 100.0 |   N/A | 100.0 |  37.0
               +-------+-------+-------+-------+-------+----------------------

Table legend: (Time is in decaauts)
 A = Elapsed time spent in this place.
 B = Non-inter-level travel time spent in this place.
 C = Inter-level travel time spent in this place.
 D = Time resting spent in this place.
 E = Time spent auto-exploring this place.
 F = Levels seen in this place.
 G = Mean time per level.
                   A        B        C        D        E       F      G
               +--------+--------+--------+--------+--------+-----+--------+
         Total |   2296 |   2233 |     63 |    521 |   1424 |   2 | 1148.0 |
       Dungeon |   2296 |   2233 |     63 |    521 |   1424 |   2 | 1148.0 |
               +--------+--------+--------+--------+--------+-----+--------+

Top non-repeatable levels by time:
     D:1: 2276 daAuts
     D:2: 19 daAuts
